AoeStats
← freewillie

MegaRandom

510439726Analyzed
2v2 RM · 3d ago on Oct 1, 2026· 45m 48s· 4 players
Game mode
Random Map
Map size
Medium (4 player)
Population
200
Speed
Normal
Resources
Standard
Victory
Conquest
Starting age
Dark Age
Ending age
Imperial Age
RankedLock teamsTeams togetherTeam positionsShared explorationLock speedFull tech treeHidden civsTurbo modeCheats
Victory
Defeat
🇺🇸 Burgundians · United States
1129
+16
🇺🇸 Varangians · United States
1120
+17
🇲🇽 Magyars · Mexico
1142
-16
🇲🇽 Goths · Mexico
1136
-17
jwholl
7:56 Loom
11:58 Feudal Age
13:22 Double-Bit Axe
15:13 Horse Collar
17:51 Fletching
20:03 Castle Age
20:37 Scale Barding Armor
21:20 Forging
23:52 Chain Barding Armor
26:07 Bow Saw
29:36 Iron Casting
40:30 Imperial Age
39:28 Wheelbarrow
38:40 Town Watch
44:40 Heavy Plow
45:29 Plate Barding Armor
45:55 Blast Furnace
freewillie
9:23 Double-Bit Axe
11:55 Feudal Age
10:12 Loom
11:59 Feudal Age
14:48 Horse Collar
15:53 Bow Saw
20:32 Castle Age
18:52 Gold Mining
20:15 Scale Mail Armor
20:21 Scale Barding Armor
20:27 Forging
20:26 Heavy Plow
21:23 Light Cavalry
22:29 Husbandry
22:28 Cavalier
23:16 Husbandry
25:34 Chain Barding Armor
25:49 Iron Casting
28:31 Fletching
33:03 Burgundian Vineyards
35:58 Wheelbarrow
35:09 Town Watch
35:24 Bodkin Arrow
35:53 Town Patrol
37:16 Caravan
40:40 Imperial Age
38:28 Hand Cart
40:44 Elite Coustillier
42:03 Plate Barding Armor
42:28 Blast Furnace
42:36 Conscription
43:43 Hoardings
43:49 Gold Shaft Mining
44:18 Two-Man Saw
43:51 Crop Rotation
43:36 Devotion
45:29 Chemistry
44:51 Ballistics
44:33 Bracer
44:32 Murder Holes
44:48 Masonry
44:19 Treadmill Crane
45:45 Chemistry
45:05 Ballistics
44:56 Masonry
44:42 Murder Holes
Richardodjr
1:56 Loom
11:19 Feudal Age
16:35 Castle Age
23:34 Double-Bit Axe
24:11 Man-at-Arms
25:46 Wheelbarrow
32:51 Pikeman
Oogway
6:37 Loom
11:11 Feudal Age
11:34 Feudal Age
12:45 Double-Bit Axe
18:41 Castle Age
17:03 Horse Collar
19:45 Medium Warships
20:28 Wheelbarrow
19:56 Fletching
23:34 Bow Saw
25:49 Bodkin Arrow
28:43 Imperial Age
27:03 Scale Mail Armor
26:52 Pikeman
31:41 Two-Man Saw
30:47 Heavy Plow
31:33 Fishing Lines
33:32 Scale Barding Armor
33:41 Corvinian Army
34:13 Husbandry
35:20 Gillnets
37:13 Bloodlines
37:51 Crop Rotation
39:05 Hand Cart
38:38 Town Watch
40:49 Chain Barding Armor
41:12 Conscription
40:14 Light Cavalry
41:43 Elite Magyar Huszar
44:04 Plate Barding Armor
Connection lost

Rejoining the realm…

Still unreachable

The connection could not be restored.

Session expired

The server has moved on; the page needs a fresh start.